 Dungeon Crawl Stone Soup version 0.28.0-53-g5a82cb258f (webtiles) character file.

Game seed: 15719879862572177134

16 Descartes the Ducker (level 2, 14/14 HPs)
             Began as a Felid Monk on June 29, 2022.
             Was a Believer of Qazlal.
             Got out of the dungeon alive.
             The game lasted 00:01:31 (700 turns).

Descartes the Ducker (Felid Monk)                    Turns: 700, Time: 00:01:32

Health: 14/14      AC:  1    Str:  7    XL:     2   Next: 37%
Magic:  3/3        EV: 19    Int: 11    God:    Qazlal [**....]
Gold:   17         SH:  3    Dex: 18    Spells: 1/1 levels left
                                        Lives:  0   Deaths: 0

rFire   . . .      SeeInvis +     - Unarmed
rCold   . . .      Faith    .   (shield unavailable)
rNeg    . . .      Spirit   .   (armour unavailable)
rPois   .          Reflect  .   (helmet unavailable)
rElec   .          Harm     .   (cloak unavailable)
rCorr   .          Rampage  .   (gloves unavailable)
Will    .....                   (boots unavailable)
Stlth   ++........              (no amulet)
HPRegen 0.04/turn               (no ring)
MPRegen 0.08/turn               (no ring)

@: quick
A: very small, claws 1, fangs 3, see invisible, speed 1, shaggy fur 1, stealthy
paws, no weapons or thrown items, no armour, multi-lived
a: Renounce Religion, Upheaval


You escaped.
You worshipped Qazlal.
Qazlal was pleased with you.
You visited 1 branch of the dungeon, and saw 1 of its levels.

You collected 17 gold pieces.

Inventory:

Scrolls
 a - a scroll of identify {unknown}
 b - a scroll of teleportation {unknown}
 c - a scroll of immolation {unknown}
Potions
 d - a potion of heal wounds {unknown}


   Skills:
 + Level 3.2 Fighting
 + Level 4.3 Dodging
 + Level 3.1 Stealth
 + Level 3.2 Unarmed Combat


You had one spell level left.
You didn't know any spells.
Your spell library was empty.

Dungeon Overview and Level Annotations

Branches:
Dungeon (1/15)

Altars:
Qazlal


Innate Abilities, Weirdness & Mutations

You have sharp claws.
You have razor-sharp teeth.
You have supernaturally acute eyesight. (SInv)
You cover ground quickly. (Speed+)
You are covered in fur. (AC +1)
Your paws help you pounce on unaware monsters.
You are incapable of wielding weapons or throwing items.
You cannot wear armour.
You gain extra lives every three experience levels.


Message History

The quokka closely misses you.
You claw the quokka!
You kill the quokka!
A kobold comes into view. It is wielding a +0 dagger.
The kobold shouts!
You see here a quokka corpse.
You scratch the endoplasm.
You kill the endoplasm!
A quokka comes into view.
Found a stone staircase leading down.
Found 11 gold pieces.
The kobold completely misses you.
You barely miss the kobold. The kobold misses you.
You barely miss the kobold. The kobold barely misses you.
You scratch the kobold.
You kill the kobold!
You scratch the quokka.
You kill the quokka!
Things that are here:
a +0 dagger; a kobold corpse You now have 17 gold pieces (gained 11).
Found a faded altar of an unknown god.
A quokka comes into view.
Found a metallic yellow potion and a robe.
You enter the shallow water.
Moving in this stuff is going to be slow.
You scratch the quokka. You bite the quokka.
You kill the quokka!
There is a faded altar of an unknown god here.
You cannot tell which god this altar belongs to.
Convert to them anyway?
Qazlal accepts your prayer! Qazlal welcomes you!
You are now surrounded by a storm.
You can now call upon nature to destroy your foes.
Qazlal grants you and your divine allies immunity to clouds.
Things that are here:
a +0 robe; a human skeleton
d - a metallic yellow potion
There is a staircase leading out of the dungeon here.
Are you sure you want to leave the Dungeon?
This will make you lose the game!
You have escaped!

...# #.#.####.#........
...# ###.#+# #.#........
#### ##.....##
#..........
##.......####.#.#####'
##.........###...# #.#.
#+...........###..# #...
#......°......#...###.#.
#.............#.#.....#.
#......@......#.#..####.
#......○......#.##.####.
#.............#.........
##...........#####..###.
#'.........## ##.###.
###.......## #####.....
##.....#+###....#....
##...##........#....
##.##..###....#..#.


There were no monsters in sight!

Vanquished Creatures
  An endoplasm (D:1)
  2 hobgoblins (D:1)
  4 kobolds (D:1)
  3 quokkas (D:1)
  2 bats (D:1)
  A rat (D:1)
13 creatures vanquished.

Notes
Turn   | Place    | Note
-------+----------+-------------------------------------------
     0 | D:1      | Descartes the Felid Monk began the quest for the Orb.
     0 | D:1      | Reached XP level 1. HP: 10/10 MP: 2/2
   420 | D:1      | Reached XP level 2. HP: 14/14 MP: 3/3
   660 | D:1      | Found a faded altar of an unknown god.
   668 | D:1      | Prayed at the altar of an unknown god.
   668 | D:1      | Became a worshipper of Qazlal Stormbringer
   668 | D:1      | Reached * piety under Qazlal
   668 | D:1      | Reached ** piety under Qazlal
   700 | D:$      | Got out of the dungeon alive.

Illustrated notes

Levels and vault maps discovered:
D:1:      lemuel_arrival_rhombus, layout_basic,
          dreamdust_ecumenical_altar_hidden_monk_grotto, minmay_pentomino_p4

Skill      XL: |  1 |
---------------+----+-----
Stealth        | 3 |  3.1
Fighting       | |  3.2
Dodging        | |  4.3
Unarmed Combat | |  3.2

Action                   || total
-------------------------++-------
Melee: Unarmed           ||    37
       Bite              ||     6
       Punch             ||     1
Dodge: Dodged            ||    36
